 Dungeon Crawl Stone Soup version 0.27-a0-1278-g6cbc8dfb29 (webtiles) character file.

Game seed: 16196300448074072639

277 ipx the Digger (level 6, -2/48 HPs)
             Began as a Deep Elf Earth Elementalist on June 12, 2021.
             Succumbed to an orc warrior's poison
             ... on level 4 of the Dungeon.
             The game lasted 00:16:34 (1143 turns).

ipx the Digger (Deep Elf Earth Elementalist)        Turns: 1143, Time: 00:16:34

Health: -2/48      AC: 23    Str:  5    XL:     6   Next: 4%
Magic:  7/12       EV:  2    Int: 22    God:
Gold:   85         SH:  0    Dex: 15    Spells: 1/11 levels left

rFire    . . .     SeeInvis .   (no weapon)
rCold    . . .     Faith    .   (no shield)
rNeg     + + +     Spirit   .   (armour currently unavailable)
rPois    +         Reflect  .   (helmet currently unavailable)
rElec    .         Harm     .   (cloak currently unavailable)
rCorr    .         Rampage  .   (gloves currently unavailable)
Will     .....     NoTele   +   (boots currently unavailable)
Stlth    ++........             (no amulet)
HPRegen  0.16/turn              V - +4 ring of evasion
MPRegen  0.13/turn              (no ring)

@: lethally poisoned (-2 -> -25), tree-form
A: stationary, stasis, torment immunity, boosted hp
a: no special abilities


You were on level 4 of the Dungeon.
You were a tree.
You visited 1 branch of the dungeon, and saw 4 of its levels.

You collected 85 gold pieces.

Inventory:

Hand Weapons
 a - a +1 short sword of draining
Missiles
 b - 29 stones
 h - 5 poisoned darts
Armour
 c - a +0 robe (melded)
 l - a +0 helmet (melded)
Jewellery
 J - an amulet of faith
 V - a +4 ring of evasion (left branch)
Wands
 g - a wand of mindburst (9)
Scrolls
 d - a scroll of vulnerability
 f - a scroll of enchant armour {unknown}
 j - a scroll of immolation
Potions
 i - a potion of curing {unknown}


   Skills:
 - Level 2.4 Dodging
 - Level 2.4 Stealth
 - Level 3.0 Spellcasting
 + Level 3.8 Conjurations
 - Level 1.1 Transmutations
 + Level 6.2 Earth Magic


You had one spell level left.
You knew the following spells:

 Your Spells              Type           Power      Damage    Failure   Level
s - Stone Arrow           Conj/Erth      50%        3d10      4%          3
t - Petrify               Tmut/Erth      19%        N/A       26%         4
w - Passwall              Tmut/Erth      15%        N/A       4%          2
z - Sandblast             Erth           60%        2d14      1%          1

Your spell library contained the following spells:

 Spells                   Type           Power      Damage    Failure   Level
 Lee's Rapid Deconstruct  Erth           15%        3d11*     26%         5


Dungeon Overview and Level Annotations

Branches:
Dungeon (4/15)
 Temple: D:4-7

Altars:
Uskayaw


Message History

The blast of sand hits the ball python!
You kill the ball python!
Casting: Sandblast (safe; 1% risk of failure)
Confirm with . or Enter, or press ? or * to list all spells.
Aiming: Sandblast (safe; 1% risk of failure)
Press: ? - help, Shift-Dir - straight line, f - kobold
Aim: a kobold, wielding a +0 short sword and quivering stones (77% to hit)
The blast of sand hits the kobold!
You kill the kobold!
A goblin comes into view. It is wielding a +0 club.
The goblin moves out of view.
You see here a hobgoblin corpse.
An orc warrior comes into view.
It is wielding a +2 short sword of venom.
Items here: ( )) / ? ††.
Okay, then.
Unknown command.
g - a wand of mindburst (11)
The yak bellows!
The goblin shouts!
Aiming: Mindburst
Press: ? - help, Shift-Dir - straight line, f - orc warrior
Aim: an orc warrior, wielding a +2 short sword of venom and wearing a +0 plate armour (chance to affect: 65%)
The orc warrior struggles to resist.
You hear an angry hiss.
An adder comes into view.
The orc warrior hits you with a +2 short sword of venom!
You are poisoned.
Okay, then.
Unknown command.
Aiming: Mindburst
Press: ? - help, Shift-Dir - straight line, f/p - orc warrior
Aim: an orc warrior, wielding a +2 short sword of venom and wearing a +0 plate armour (chance to affect: 65%)
The orc warrior struggles to resist.
You feel very sick.
The orc warrior hits you with a +2 short sword of venom!
* * * LOW HITPOINT WARNING * * *
You are more poisoned.
It was a potion of lignification.
You turn into a tree.
Your +0 helmet melds into your body.
Your +0 robe melds into your body.
Your roots penetrate the ground.
You die...

#.# .Y#.#
########.#
#......#.#
#......#.#
#......#.#
#......#.#
'....g.#†#
#.S.).o♣.#
##########


You could see a yak, an orc warrior, an adder and a goblin.

Vanquished Creatures
  A necrophage (D:4)
  A phantom (D:3)
  An iguana (D:4)
  A hound skeleton (D:4)
  An adder (D:2)
  2 worms
  3 dart slugs
  5 orcs
  3 bats
  2 endoplasms (D:4)
  2 giant cockroaches
  6 goblins
  2 hobgoblins
  3 jackals (D:1)
  8 kobolds
  3 quokkas
  5 ball pythons
  A frilled lizard (D:2)
50 creatures vanquished.

Notes
Turn   | Place    | Note
-------+----------+-------------------------------------------
     0 | D:1      | ipx the Deep Elf Earth Elementalist began the quest for the
                  | Orb.
     0 | D:1      | Reached XP level 1. HP: 10/10 MP: 6/6
    99 | D:1      | Reached XP level 2. HP: 15/15 MP: 2/8
   104 | D:1      | Reached skill level 4 in Earth Magic
   110 | D:1      | Learned a level 2 spell: Passwall
   274 | D:2      | Reached XP level 3. HP: 19/19 MP: 5/9
   278 | D:2      | Learned a level 3 spell: Stone Arrow
   669 | D:3      | Reached skill level 1 in Conjurations
   717 | D:3      | Reached skill level 5 in Earth Magic
   856 | D:4      | Noticed a necrophage
   873 | D:4      | Killed a necrophage
   874 | D:4      | Reached XP level 4. HP: 15/24 MP: 1/10
   874 | D:4      | Reached XP level 5. HP: 18/28 MP: 1/11
   968 | D:4      | Noticed a phantom
   973 | D:3      | Killed a phantom
   974 | D:3      | Reached skill level 6 in Earth Magic
   979 | D:3      | Learned a level 4 spell: Petrify
  1050 | D:4      | Reached XP level 6. HP: 32/32 MP: 8/12
  1076 | D:4      | Found a hide-covered altar of Uskayaw.
  1128 | D:4      | Noticed a yak
  1139 | D:4      | Noticed an orc warrior
  1143 | D:4      | Succumbed to an orc warrior's poison

Illustrated notes

Levels and vault maps discovered:
D:1:      minmay_arrival_floating_metal, layout_loops_ring,
          grunt_decor_junction, minmay_3d_cube
D:2:      layout_basic, serial_corexii_hall, corexii_hall_statues_deadend,
          corexii_hall_statues_i, chequers_hall_statues_y,
          corexii_hall_statues_i, kennysheep_generic_room_12
D:3:      layout_basic, gammafunk_temple_overflow_pools, serial_forest,
          infiniplex_forest_clump_small, infiniplex_forest_clump_small,
          infiniplex_forest_straight_4, infiniplex_forest_lined_room_,
          infiniplex_forest_clump_small, infiniplex_forest_end_3,
          infiniplex_forest_clump_small, infiniplex_forest_clump_long,
          infiniplex_forest_clump_small, kennysheep_generic_room_3
D:4:      minmay_clustersquares, layout_layer_cave, marbit_many_paths,
          uniq_duvessa

Skill      XL: |  1  2  3  4  5 |
---------------+----------------+-----
Earth Magic    | 4 5 6 |  6.2
Conjurations   | 2 3 |  3.8
Dodging        | |  2.4
Stealth        | |  2.4
Spellcasting   | |  3.0
Transmutations | |  1.1

Action                   |  1- 3 |  4- 6 || total
-------------------------+-------+-------++-------
Melee: Unarmed           |     1 |       ||     1
 Cast: Sandblast         |    52 |    18 ||    70
       Passwall          |     3 |     1 ||     4
       Stone Arrow       |     1 |       ||     1
Evoke: Wand              |       |     2 ||     2
  Use: Scroll            |       |     3 ||     3
       Potion            |       |     1 ||     1
Armor: Robe              |     1 |     1 ||     2
Dodge: Dodged            |     8 |     3 ||    11

Table legend: (Time is in decaauts)
 A = Elapsed time spent in this place.
 B = Non-inter-level travel time spent in this place.
 C = Inter-level travel time spent in this place.
 D = Time resting spent in this place.
 E = Time spent auto-exploring this place.
 F = Levels seen in this place.
 G = Mean time per level.
                   A        B        C        D        E       F      G
               +--------+--------+--------+--------+--------+-----+--------+
         Total |   1146 |   1146 |      0 |      0 |      0 |   4 |  286.5 |
       Dungeon |   1146 |   1146 |      0 |      0 |      0 |   4 |  286.5 |
               +--------+--------+--------+--------+--------+-----+--------+

Top non-repeatable levels by time:
     D:3: 384 daAuts
     D:2: 330 daAuts
     D:1: 239 daAuts
     D:4: 191 daAuts
